[Event "Early-Titled-Tuesday-Blitz-March-05-2024"]
[Site "Chess.com"]
[Date "2024.03.05"]
[Round "1"]
[White "PositionalPanther"]
[Black "thebeast2900"]
[Result "1-0"]
[WhiteElo "2613"]
[BlackElo "2310"]
[TimeControl "180+1"]
[EndTime "8:08:14 PST"]
[Termination "PositionalPanther won on time"]

1. d4 Nf6 2. Bg5 e6 3. Nd2 d5 4. e3 Be7 5. Bd3 h6 6. Bh4 c5 7.
c3 b6 8. f4 O-O 9. Ngf3 Ba6 10. Bxa6 Nxa6 11. Ne5 Nb8 12. O-O Ne4 13. Bxe7 Qxe7 14.
Nxe4 dxe4 15. Qa4 f5 16. Rfd1 Qe8 17. Qxe8 Rxe8 18. dxc5 bxc5 19. Rd6 a5 20. Rad1 Ra7 21. Rd8 Kf8 22. R1d6 Rb7 23. Rxe8+ Kxe8 24. Rxe6+ Kf8 25. Nc4 Nd7 26. Ra6 a4 27. Rxa4 Nb6 28. Nxb6 Rxb6 29.
b3 Rd6 30. Rc4 Rd1+ 31. Kf2 Rd2+ 32. Kf1 Rxa2 33. Rxc5 Rb2 34. b4 g6 35. b5 Ke7 36.
c4 Kd6 37. Rc6+ Kd7 38. c5 Rxb5 39. Rd6+ Ke7 40. Rxg6 Rxc5 41. Rxh6 Kf7 42. Rd6 Kg7 43. Kf2 Rc2+ 44. Kf1 Rc3 45. Ke2 Rc2+ 46. Rd2 Rc1 47. Kf2 Rc3 48. h3 Kg6 49. Re2 Kf6 50. g4 Kg6 51.
Kg3 Rd3 52. Re1 Rd2 53. h4 Rd3 54. h5+ Kf6 55. g5+ Kg7 56. h6+ Kg6 57. Kf2 Rd2+ 58.
Re2 Rd1 59. Kg2 Rd3 60. Kf2 Rd1 61. Ra2 Rd3 62. Ra6+ Kh7 63. Ra7+ 1-0

[Event "Early-Titled-Tuesday-Blitz-March-05-2024"]
[Site "Chess.com"]
[Date "2024.03.05"]
[Round "1"]
[White "NM_Antelacus"]
[Black "karinachess1"]
[Result "0-1"]
[WhiteElo "2256"]
[BlackElo "2587"]
[TimeControl "180+1"]
[EndTime "8:08:14 PST"]
[Termination "karinachess1 won on time"]

1. e4 e5 2. Nf3 Nc6 3. Bc4 Nf6 4. d3 h6 5. O-O d6 6. c3 g5 7. Nbd2 Bg7 8. b4 O-O 9. Bb2 d5 10. Bb3 a6 11. a3 Bg4 12. Qc2 Re8 13.
Rfe1 Qd6 14. c4 d4 15. c5 Qd7 16. Kh1 Nh5 17. g3 Kh8 18. Ng1 Rf8 19. f3 Be6 20. Nc4 f5 21. Rf1 Nf6 22. Qe2 Rae8 23. Rae1 g4 24. fxg4 fxg4 25. Bc1 h5 26. Rf2 Nh7 27.
Ref1 Rxf2 28. Rxf2 Rf8 29. Qf1 Rxf2 30. Qxf2 Nf8 31. Ne2 a5 32. b5 Nd8 33. Bg5 Nf7 34. Bh4 Nh7 35. a4 Nhg5 36. Ng1 Qe7 37. Qd2 Bf6 38.
Qxa5 Qxc5 39. Qd2 Kg7 40. Qf2 b6 41. Ne2 Qb4 42. Nc1 Qc3 43. Qc2 Qe1+ 44. Kg2 Nf3 45. Qf2 Qxc1 46. Bxf6+ Kxf6 47. a5 bxa5 48. Nxa5 Bxb3 49.
Nxb3 Qd1 50. Nc5 Kg7 51. Nd7 Qxd3 52. b6 cxb6 53. Nxb6 Qe3 54. Nd5 Qxf2+ 55. Kxf2 N7g5 56. Nb4 Nxe4+ 57. Ke2 Nc3+ 58. Kd3 e4+ 59. Kc2 e3 60. Nd3 e2 0-1

[Event "Early-Titled-Tuesday-Blitz-March-05-2024"]
[Site "Chess.com"]
[Date "2024.03.05"]
[Round "1"]
[White "chigorin28"]
[Black "AlexPapasimakopoulos"]
[Result "0-1"]
[WhiteElo "2422"]
[BlackElo "2728"]
[TimeControl "180+1"]
[EndTime "8:08:15 PST"]
[Termination "AlexPapasimakopoulos won by resignation"]

1. e4 e6 2. d4 d5 3. e5 c5 4. c3 Nc6 5. Nf3 Bd7 6. Bd3 cxd4 7. O-O dxc3 8. Nxc3 Nge7 9. a3 Ng6 10. Re1 Bc5 11. b4 Be7 12. g3 Rc8 13. Bb2 O-O 14. h4 f5 15. exf6 Bxf6 16. Bxg6 hxg6 17. Rc1 a5 18. b5 Ne7 19. Qd3 Qb6 20. a4 Rf7 21. Re2 Rcf8 22. Kg2 Nf5 23. Nd1 Bxb2 24. Rxb2 Nd6 25.
Ne5 Nc4 26. Nxc4 dxc4 27. Qe2 e5 28. Rxc4 Be6 29. Rc3 Bd5+ 30. Kh2 Qf6 31. Rd2 Bf3 32. Qe3 Bxd1 33. Rxd1 Qxf2+ 34. Qxf2 Rxf2+ 35. Kh3 R2f3 36. Rxf3 Rxf3 37. Re1 Ra3 38. Re4 Kf7 39. Kg4 Ke6 40.
Rc4 Kd5 41. Rc7 Rxa4+ 42. Kg5 b6 43. Rxg7 Rb4 44. Rxg6 Rxb5 45. h5 Rb3 46. g4 b5 47.
Ra6 a4 48. h6 Rh3 49. Kg6 e4 50. g5 e3 51. Ra8 Rh1 52. Re8 Kd4 53. Kg7 a3 54. g6 a2 55. Rd8+ Kc3 56. Ra8 Kb2 57. h7 e2 58. h8=Q Rxh8 59. Kxh8 e1=Q 60. g7 Qh1+ 61. Kg8 Qxa8+ 0-1

[Event "Early-Titled-Tuesday-Blitz-March-05-2024"]
[Site "Chess.com"]
[Date "2024.03.05"]
[Round "1"]
[White "Darius321"]
[Black "FoxOnTheRun97"]
[Result "1/2-1/2"]
[WhiteElo "2361"]
[BlackElo "2635"]
[TimeControl "180+1"]
[EndTime "8:08:15 PST"]
[Termination "Game drawn by repetition"]

1. e4 c6 2. d4 d5 3. exd5 cxd5 4. c4 Nf6 5. Nc3 g6 6. cxd5 Bg7 7. Bb5+ Nbd7 8. d6 exd6 9. Qe2+ Qe7 10. Bf4 d5 11. Bd6 Qe6 12. Nf3 Ne4 13. Ba3 Nxc3 14. bxc3 a6 15.
Qxe6+ fxe6 16. Bd3 Bf6 17. h4 Kf7 18. h5 g5 19. h6 e5 20. Nd2 exd4 21. cxd4 Bxd4 22. O-O-O Ne5 23. Be2 Bf5 24. Nb3 Rac8+ 25. Kd2 Bc3+ 26. Ke3 Nc4+ 27. Bxc4 dxc4 28. Nc5 Rhe8+ 29. Kf3 Re5 30.
Nxb7 Be4+ 31. Kg3 Bxb7 32. Rd7+ Kg6 33. Rxb7 Rd5 34. Rb6+ Kf5 35. f3 Be5+ 36. Kh3 Rd3 37. Re1 g4+ 38. Kh4 Bf6+ 39. Kh5 gxf3 40. g4+ Kf4 41.
Rxf6+ Kg3 42. Bd6+ Kg2 43. Re4 f2 44. Ref4 Rd2 45.
Be5 c3 46. Bd4 c2 47. Rxf2+ Rxf2 48. Rxf2+ Kg3 49. Rf1 c1=Q 50. Rxc1 Rxc1 51. g5 Rc6 52. Bf6 Kf4 53. g6 Rxf6 54. gxh7 Rf8 55. Kg6 Rb8 56. Kg7 Rb7+ 57. Kg8 Rb8+ 58. Kg7 Rb7+ 59. Kg8 Rb8+ 60. Kg7 1/2-1/2

[Event "Early-Titled-Tuesday-Blitz-March-05-2024"]
[Site "Chess.com"]
[Date "2024.03.05"]
[Round "1"]
[White "Noki102"]
[Black "Baku_Boulevard"]
[Result "0-1"]
[WhiteElo "2520"]
[BlackElo "3072"]
[TimeControl "180+1"]
[EndTime "8:08:16 PST"]
[Termination "Baku_Boulevard won by resignation"]

1. d4 Nf6 2. Nf3 g6 3. g3 Bg7 4. Bg2 O-O 5. O-O d6 6. Nc3 Nbd7 7. a4 a6 8. a5 e5 9. e4 exd4 10. Nxd4 Re8 11. Re1 Rb8 12. h3 Ne5 13. Qe2 c5 14. Nf3 Nc6 15. Bf4 Nd4 16. Qd3 Nh5 17. Nxd4 Nxf4 18.
gxf4 Bxd4 19. Ra4 Bd7 20. Rxd4 cxd4 21. Qxd4 Bc6 22. Rd1 Qxa5 23. b4 Qa3 24. Ne2 a5 25.
bxa5 Qxa5 26. Ng3 Qc5 27. Qb2 Ra8 28. h4 Ra3 29. Rd4 Qc3 30. Qxc3 Rxc3 31. Rxd6 Rxc2 32. h5 b5 33. e5 Bxg2 34. Kxg2 Rc4 35. Kf3 Ra8 36.
Rb6 Kg7 37. Kg4 b4 38. h6+ Kf8 39. f3 Rcc8 40. Rxb4 Rcb8 41. Rd4 Rd8 42. Rc4 Ra1 43. Rc7 Rg1 44. Kh3 Rd3 45. Kh2 Re1 46. Kg2 Rd2+ 47.
Kh3 Rf2 48. Rc8+ Ke7 49. Rc7+ Ke6 50. Ne4 Rxf3+ 51. Kg4 Ra3 52. Ng5+ Kd5 53. Rxf7 Rg1+ 54. Kh4 Ra2 55. Rd7+ Kc4 56. e6 Rh2+ 57. Nh3 Rgh1 58. e7 Rxh3+ 59. Kg4 Re3 60. Kg5 Re6 61. Rd6 Rh5+ 62. Kg4 Rxe7 0-1

[Event "Early-Titled-Tuesday-Blitz-March-05-2024"]
[Site "Chess.com"]
[Date "2024.03.05"]
[Round "1"]
[White "lagunanivaria"]
[Black "atbenina64"]
[Result "1-0"]
[WhiteElo "2454"]
[BlackElo "2742"]
[TimeControl "180+1"]
[EndTime "8:08:16 PST"]
[Termination "lagunanivaria won by resignation"]

1. e4 c5 2. Nf3 d6 3. Bb5+ Bd7 4.
Bxd7+ Nxd7 5. O-O Ngf6 6. Re1 e6 7. c3 Be7 8. d4 O-O 9. Bf4 b5 10. Nbd2 Qb6 11. h3 Rfe8 12. Qe2 Bf8 13. dxc5 Nxc5 14. Rad1 e5 15. Be3 Qc6 16. Bxc5 dxc5 17. Nf1 c4 18.
Ng3 Bc5 19. Rd2 Rad8 20. Rxd8 Rxd8 21. Nxe5 Qd6 22. Nxf7 Kxf7 23. e5 Qe6 24. exf6 Qxe2 25. Rxe2 Rd1+ 26. Nf1 gxf6 27. g3 a5 28. a3 Rb1 29.
Kg2 b4 30. axb4 axb4 31. cxb4 Bxb4 32. Rc2 Be1 33. Ne3 c3 34. bxc3 Rb3 35. Nd1 Rb1 36. Ne3 Rb3 37. Nd5 Ke6 38. Nf4+ Kf5 39. c4 Bc3 40. c5 Bd4 41. c6 Rb8 42. c7 Rc8 43.
Nd5 Ke6 44. Nb4 Be5 45. Na6 Kd5 46. Kf3 Kd4 47. Kg4 Kd3 48. Rc6 Ke4 49. f3+ Kd5 50. Rc2 Ke6 51. f4 Bd6 52. Kf3 h5 53. g4 hxg4+ 54. hxg4 Kd5 55. Rd2+ Ke6 56. Ke4 Bxc7 57. Rc2 Kd7 58. Rxc7+ Rxc7 59. Nxc7 Kxc7 60. Kf5 1-0

[Event "Early-Titled-Tuesday-Blitz-March-05-2024"]
[Site "Chess.com"]
[Date "2024.03.05"]
[Round "1"]
[White "ansko1999"]
[Black "Bulatova_Kamaliya"]
[Result "1-0"]
[WhiteElo "2729"]
[BlackElo "2417"]
[TimeControl "180+1"]
[EndTime "8:08:16 PST"]
[Termination "ansko1999 won by resignation"]

1. Nf3 Nf6 2. c4 e6 3. g3 d5 4. Bg2 dxc4 5. Qa4+ Bd7 6. Qxc4 Bc6 7. O-O Be7 8. Qc2 O-O 9. Nc3 Na6 10. d4 Nb4 11. Qd1 Nbd5 12. Ne5 Nxc3 13. Nxc6 Nxd1 14. Nxd8 Raxd8 15. Rxd1 c5 16. Be3 cxd4 17. Bxd4 b6 18. a4 Bb4 19. Rac1 Ne8 20. Be5 Rxd1+ 21. Rxd1 f6 22.
Bb8 Rf7 23. Rd8 Kf8 24. Bc6 Re7 25. Bxe8 Rxe8 26. Rxe8+ Kxe8 27. Bxa7 Bc5 28. a5 Kd7 29. Bxb6 Bb4 30. Kf1 Kc6 31. e4 f5 32. Ke2 g6 33.
Kd3 e5 34. exf5 gxf5 35. f3 Be1 36. Kc4 h5 37. b4 h4 38. gxh4 Bxh4 39. b5+ Kb7 40.
Bc5 e4 41. fxe4 fxe4 42. a6+ Ka8 43. Be3 Bf6 44. Kd5 Bd8 45. Kxe4 Bc7 46. h4 Bd8 47. h5 Bf6 48. Kd5 Bg7 49. Kc6 Bf6 50. b6 Bd4 51.
Bxd4 Kb8 52. h6 Kc8 53. b7+ Kd8 1-0

[Event "Early-Titled-Tuesday-Blitz-March-05-2024"]
[Site "Chess.com"]
[Date "2024.03.05"]
[Round "1"]
[White "Crazy_girl99"]
[Black "SpeedofLight0"]
[Result "1/2-1/2"]
[WhiteElo "2529"]
[BlackElo "3073"]
[TimeControl "180+1"]
[EndTime "8:08:18 PST"]
[Termination "Game drawn by repetition"]

1. e4 Nc6 2. Nf3 d6 3. Bb5 Nf6 4. Nc3 a6 5. Ba4 g6 6. d4 b5 7. Bb3 Bg7 8. h3 O-O 9. a3 Bb7 10. Qe2 e5 11. dxe5 dxe5 12. Bg5 Nd4 13. Nxd4 exd4 14. Nd5 Re8 15. Nxf6+ Bxf6 16. Bxf6 Qxf6 17. f3 c5 18. O-O c4 19. Ba2 Rad8 20. Rad1 Qe5 21.
Qf2 Re6 22. b3 Rc6 23. bxc4 bxc4 24. Rb1 Bc8 25. Rb4 Be6 26. Rd1 a5 27. Rb7 Qc5 28. f4 Qxa3 29. f5 gxf5 30. exf5 Bc8 31. Ra7 Qc5 32.
f6 Qg5 33. Re1 Qxf6 34. Qg3+ Qg6 35. Qh4 Rcd6 36. Rxa5 Be6 37. Rg5 Rc8 38. Rxg6+ hxg6 39. Qf4 Rd7 40. Rd1 Rcd8 41. Kf2 Bf5 42. Bxc4 Bxc2 43. Rd2 Bf5 44. Kg1 d3 45. g4 Rd4 46. Qe3 Bxg4 47. Bxf7+ Kxf7 48. hxg4 Rxg4+ 49. Kf1 Rd5 50. Rxd3 Rxd3 51.
Qxd3 Rf4+ 52. Kg2 Rf5 53. Qd7+ Kf6 54. Qd8+ Kg7 55. Qd7+ Kg8 56. Qd8+ Kg7 57. Qe7+ Kg8 58. Kg3 Rh5 59. Kg4 Rf5 60. Qe6+ Kg7 61. Qd7+ Kg8 62.
Qe7 Rh5 63. Qe8+ Kg7 64. Kf4 Rf5+ 65. Ke4 Kh7 66. Qe7+ Kg8 67. Qd8+ Kg7 68. Qe7+ Kg8 69. Qe8+ Kg7 70. Qe7+ Kg8 1/2-1/2

[Event "Early-Titled-Tuesday-Blitz-March-05-2024"]
[Site "Chess.com"]
[Date "2024.03.05"]
[Round "1"]
[White "Angel_Hranitel_37"]
[Black "ilqar_74"]
[Result "1-0"]
[WhiteElo "2516"]
[BlackElo "2836"]
[TimeControl "180+1"]
[EndTime "8:08:18 PST"]
[Termination "Angel_Hranitel_37 won on time"]

1. d4 Nf6 2. Nf3 e6 3. g3 d5 4.
Bg2 Be7 5. O-O O-O 6. c4 dxc4 7.
Qc2 a6 8. Rd1 Nc6 9. Qxc4 Na5 10. Qc2 b6 11. Ne5 Bb7 12. Bxb7 Nxb7 13. Nc6 Qe8 14.
Nxe7+ Qxe7 15. Bg5 c5 16. Nc3 cxd4 17. Rxd4 h6 18.
Bxf6 Qxf6 19. Rad1 Rac8 20. Qb3 b5 21. Ne4 Qe5 22.
Qd3 Rfd8 23. e3 Rxd4 24. Qxd4 Qxd4 25. Rxd4 Rc1+ 26. Kg2 f5 27. Rd7 Na5 28. Nd6 Rd1 29.
Rd8+ Kh7 30. Nf7 Rb1 31. b3 Rb2 32. Rd6 Rxa2 33. Rxa6 b4 34. Nd8 Ra3 35. Nxe6 Nxb3 36. Rb6 Ra4 37. Rb7 Na5 38. Rxg7+ Kh8 39. Nc5 Kxg7 40.
Nxa4 Nc4 41. Nc5 Na5 42. Nd3 b3 43. Nb2 Kf6 44. Kf3 Ke5 45. Ke2 Ke4 46. f3+ Kd5 47. Kd3 Nc6 48. e4+ fxe4+ 49. fxe4+ Kc5 50. Kc3 h5 51.
Nd3+ Kb5 52. Kxb3 Nd4+ 53. Kc3 Nf3 54. h3 Ng5 55. Kd4 Nxh3 56. Nf4 Ng5 57. Nxh5 Kc6 58. Ke5 Kd7 59. Kf5 Nf3 60. g4 Nd4+ 61. Kf4 Ke6 62. g5 Kf7 63. Kg4 Nc6 64. Nf4 Ne7 65. e5 Nc6 66. Kf5 Nd4+ 67. Ke4 Nc6 68. Kd5 Ne7+ 69. Kd6 Nf5+ 70. Kd7 Nd4 71. e6+ 1-0

[Event "Early-Titled-Tuesday-Blitz-March-05-2024"]
[Site "Chess.com"]
[Date "2024.03.05"]
[Round "1"]
[White "Andrey_Klymchuk"]
[Black "ARMQUEEN"]
[Result "1-0"]
[WhiteElo "2708"]
[BlackElo "2409"]
[TimeControl "180+1"]
[EndTime "8:08:19 PST"]
[Termination "Andrey_Klymchuk won on time"]

1. e4 c5 2. Nf3 Nc6 3. Nc3 g6 4. d4 cxd4 5. Nxd4 Bg7 6. Be3 Nf6 7. Nxc6 bxc6 8. e5 Ng8 9. f4 Nh6 10. h3 Rb8 11. Bc4 O-O 12. Bb3 d5 13. Bxa7 Ra8 14. Bf2 f6 15. exf6 Bxf6 16. O-O Bg7 17. Nxd5 Kh8 18. Nb6 Qxd1 19. Raxd1 Rb8 20. Nxc8 Rbxc8 21. Bd4 Nf5 22. Bxg7+ Kxg7 23. Rfe1 Rc7 24. Be6 Nd6 25. g3 Rb7 26. b3 Ra7 27. a4 h5 28. h4 Kf6 29.
Bh3 Nf5 30. Kf2 Nd6 31. Re5 Rb8 32. Rde1 Rb4 33. Bf1 Rc7 34. Bd3 Kf7 35. Rc5 Nb7 36.
Rg5 c5 37. Bc4+ Rxc4 38. bxc4 Nd6 39. Ree5 Ra7 40. Kg2 Rxa4 41. Rxc5 Ne4 42. f5 Nxg5 43. fxg6+ Kxg6 44. Rxg5+ Kh6 45. Rc5 Ra2 46. Rc6+ Kg7 47. Kf3 Rxc2 48. c5 Rc4 49. Rc8 Kf7 50. c6 Ke6 51. c7 Kd7 52. Rh8 Rxc7 53. Rxh5 Ke6 54. Rh8 Kf6 55. Kg4 Rc4+ 56. Kh3 e5 57. Re8 Ra4 58.
Rg8 Kf5 59. g4+ Kf4 60. Rf8+ Ke3 61. h5 e4 62. g5 Ke2 63. g6 e3 64. g7 Ke1 65. g8=Q e2 66. Qg3+ Kd1 67. Rd8+ Kc1 68.
Qe1+ Kb2 69. Qxe2+ 1-0

[Event "Early-Titled-Tuesday-Blitz-March-05-2024"]
[Site "Chess.com"]
[Date "2024.03.05"]
[Round "1"]
[White "TitarovVasiliYouTube"]
[Black "Antipov_Mikhail_Al"]
[Result "1/2-1/2"]
[WhiteElo "2510"]
[BlackElo "2938"]
[TimeControl "180+1"]
[EndTime "8:08:20 PST"]
[Termination "Game drawn by repetition"]

1. e4 e5 2. Nf3 Nc6 3. Bb5 Nf6 4. O-O Nxe4 5. Re1 Nd6 6. Nxe5 Be7 7. Bf1 Nxe5 8.
Rxe5 O-O 9. d4 Bf6 10. Re1 Re8 11. c3 Rxe1 12. Qxe1 Ne8 13. Bf4 d5 14. Nd2 c6 15.
Bd3 g6 16. Nf3 Ng7 17. Ne5 Bf5 18. Qe2 Bxd3 19. Qxd3 Qe7 20. Re1 Re8 21. h3 Qd8 22.
Nf3 Rxe1+ 23. Nxe1 Ne6 24. Bg3 Bg7 25. Nf3 f6 26.
Qe2 Kf7 27. h4 h5 28. Ne1 f5 29. Nd3 Bf6 30. Ne5+ Bxe5 31. Qxe5 a6 32. f3 Ng7 33.
Bf2 Ne8 34. Qh8 Qe7 35. Qh7+ Ng7 36. Qh8 Qe8 37. Qh7 a5 38. Bg3 Qe3+ 39. Bf2 Qc1+ 40. Kh2 a4 41. Qh8 a3 42. bxa3 Qxc3 43. Qb8 Qb2 44.
Qc7+ Kg8 45. Bg3 Qxd4 46. Be5 Qxh4+ 47. Kg1 Ne6 48. Qc8+ Kf7 49. Qxb7+ Qe7 50. Qxc6 Qxa3 51. Qxd5 Qa7+ 52. Kh2 Qe7 53. Bd6 Qh4+ 54. Kg1 Qe1+ 55. Kh2 h4 56. Be5 f4 57. Qd7+ Kf8 58. Qxe6 Qg3+ 59.
Kg1 Qe1+ 60. Kh2 Qg3+ 61. Kg1 Qe1+ 62. Kh2 1/2-1/2

[Event "Early-Titled-Tuesday-Blitz-March-05-2024"]
[Site "Chess.com"]
[Date "2024.03.05"]
[Round "1"]
[White "DucksParadise"]
[Black "BeyondMadness"]
[Result "1/2-1/2"]
[WhiteElo "2568"]
[BlackElo "2230"]
[TimeControl "180+1"]
[EndTime "8:08:20 PST"]
[Termination "Game drawn by repetition"]

1. c4 e5 2. g3 c6 3. Nf3 d6 4.
Nc3 Nf6 5. Bg2 Be6 6. b3 Be7 7. Bb2 O-O 8. O-O Nbd7 9. d4 Qc7 10. e4 h6 11. d5 Bg4 12. h3 Bxf3 13. Bxf3 Rfe8 14.
Qd2 Nf8 15. Rac1 Rad8 16. Rfd1 a6 17. a4 N6d7 18. b4 Bg5 19. Qe2 Bxc1 20. Bxc1 c5 21. b5 axb5 22. Nxb5 Qb6 23. a5 Qxa5 24. Nxd6 Re7 25.
Nf5 Ree8 26. Nd6 Qc7 27. Nxe8 Rxe8 28. Be3 b6 29. Ra1 Nf6 30. Qb2 Rb8 31. Qb5 Ne8 32.
Qb3 Nd6 33. Bg2 Nd7 34. Qc3 f6 35. h4 Kh7 36. Bh3 g6 37. f3 b5 38. cxb5 Nxb5 39. Qc4 Nd4 40. Rf1 Rb2 41. Rf2 Rb1+ 42. Kg2 Nb6 43.
Qd3 Rb3 44. Qd1 Nc4 45. Bxd4 Qb6 46. Rc2 cxd4 47. Rxc4 d3 48. Rc6 Rb2+ 49. Kh1 Qf2 50. Rc7+ Kh8 51. Rc8+ Kg7 52. Rc7+ Kg8 53. Rc8+ Kg7 54.
Rc7+ Kh8 55. Rc8+ Kh7 56. Rc7+ Kg8 57. Be6+ Kh8 58. Rc8+ Kh7 59. Rc7+ Kh8 60. Rc8+ Kh7 61. Rc7+ Kh8 1/2-1/2

[Event "Early-Titled-Tuesday-Blitz-March-05-2024"]
[Site "Chess.com"]
[Date "2024.03.05"]
[Round "1"]
[White "ahkashefi2800"]
[Black "viniciusrego"]
[Result "0-1"]
[WhiteElo "2630"]
[BlackElo "2367"]
[TimeControl "180+1"]
[EndTime "8:08:21 PST"]
[Termination "viniciusrego won on time"]

1. d4 g6 2. Nf3 Bg7 3. Bf4 d6 4. c3 Nf6 5. e3 b6 6. Nbd2 Bb7 7. Bc4 c5 8. O-O O-O 9. h3 Nbd7 10. Re1 Qc7 11.
Rc1 a6 12. Bf1 Rac8 13. a3 Qb8 14. b4 Qa8 15. Bg3 Ne4 16. Nxe4 Bxe4 17. Nd2 Bb7 18. Qe2 Nf6 19. Rcd1 cxd4 20. cxd4 Rc3 21. Nb1 Rc7 22. Rc1 Rfc8 23. Qb2 Ne4 24. Rxc7 Rxc7 25. Bf4 Qc8 26. Bd3 Nf6 27. Nd2 Rc3 28. Bf1 Rc2 29. Qb1 Rxd2 30. Rc1 Qd8 31. Qb3 Ne4 32. f3 g5 33. Bh2 Nf6 34. Qc3 Ra2 35. Bc4 Bd5 36.
Bxd5 Nxd5 37. Qb3 Re2 38. Qxd5 Rxe3 39. Qb7 Bxd4 40. Kf1 Rc3 41. Rxc3 Bxc3 42. Bg1 b5 43.
Qxa6 Qd7 44. Qa8+ Kg7 45. Qd5 h6 46. Ke2 e6 47. Qd3 Bf6 48. Bd4 Bxd4 49. Qxd4+ Kg8 50. Qb6 d5 51. Kd3 e5 52. Qxh6 Qf5+ 53. Kd2 Qf4+ 54. Ke2 d4 55. Qd6 Qe3+ 56. Kf1 d3 57. Qd8+ Kg7 58. Qd5 Qe2+ 59. Kg1 d2 60. Kh2 d1=Q 61. Qxb5 Qxb5 62. h4 Qbf1 63. hxg5 Qf2 64. Kh3 Qh1+ 65.
Kg4 Qhxg2+ 0-1

[Event "Early-Titled-Tuesday-Blitz-March-05-2024"]
[Site "Chess.com"]
[Date "2024.03.05"]
[Round "1"]
[White "BardArtem"]
[Black "FlemingA"]
[Result "0-1"]
[WhiteElo "2710"]
[BlackElo "2441"]
[TimeControl "180+1"]
[EndTime "8:08:22 PST"]
[Termination "FlemingA won by checkmate"]

1. e4 g6 2. d4 Bg7 3. Nc3 a6 4. h4 h5 5. Nf3 b5 6. Ng5 Bb7 7. Bd3 d6 8. Ne2 Nf6 9. c3 Nbd7 10. a4 bxa4 11. Qxa4 O-O 12. Qc2 e5 13. d5 c6 14.
dxc6 Bxc6 15. Be3 Ng4 16. Bd2 Qe7 17. f3 Ngf6 18. c4 Nc5 19. Nc3 Ne6 20. Be3 Nd4 21.
Bxd4 exd4 22. Ne2 Nd7 23. Qd2 Nc5 24. Rd1 Rab8 25. Bb1 Ba4 26. Nxd4 Qe5 27. Bc2 Rxb2 28. Qc1 Qg3+ 29. Kf1 Bxd4 30. Rxd4 Rxc2 31. Qe1 Qxe1+ 32. Kxe1 Rc1+ 33. Kf2 Rxh1 34. Rxd6 Rc1 35. e5 Rxc4 36. Kg3 Ne6 37. Ne4 Rxe4 38. fxe4 Rc8 39. Rxa6 Bc2 40. Kf3 Rc3+ 41. Kf2 Bxe4 42. Ra5 Rc2+ 43. Ke3 Bxg2 44. Rb5 Kg7 45. Rb8 Bh3 46. Kd3 Bf5+ 47. Ke3 Rh2 48. Kf3 Rxh4 49. Kg3 Rg4+ 50. Kf3 Rf4+ 51. Kg3 h4+ 52. Kg2 Re4 53. Kf3 Rxe5 54. Rb6 h3 55.
Rb2 g5 56. Kg3 Re3+ 57. Kh2 g4 58. Rf2 Kg6 59. Rb2 Nf4 60. Rf2 Re2 61. Rxe2 Nxe2 62. Kh1 Kg5 63. Kh2 Kf4 64. Kh1 f6 65. Kh2 Bd7 66. Kh1 Nd4 67. Kh2 Nf5 68. Kh1 Kg3 69. Kg1 h2+ 70. Kh1 Bc6# 0-1

[Event "Early-Titled-Tuesday-Blitz-March-05-2024"]
[Site "Chess.com"]
[Date "2024.03.05"]
[Round "1"]
[White "BashirliSaadat"]
[Black "SlavenPastar"]
[Result "0-1"]
[WhiteElo "2344"]
[BlackElo "2640"]
[TimeControl "180+1"]
[EndTime "8:08:22 PST"]
[Termination "SlavenPastar won by resignation"]

1. e4 b6 2. d4 Bb7 3. Nc3 e6 4. Bd3 Nf6 5. Nf3 Bb4 6. Qe2 d5 7. e5 Ne4 8. Bd2 Nxd2 9. Qxd2 Be7 10. O-O O-O 11. Ne2 Ba6 12. Bxa6 Nxa6 13. c3 c5 14. Qd3 Nb8 15. Rac1 Nc6 16. Rfd1 c4 17. Qc2 b5 18. Nd2 b4 19. f4 g6 20. Rf1 Rb8 21. g4 f5 22.
gxf5 gxf5 23. Kh1 Kh8 24. Rg1 Qe8 25. Ng3 Qf7 26. Nf3 Rg8 27. Rg2 Rg4 28. Qd2 Rbg8 29. Rcg1 Qg6 30. Nf1 Rxg2 31. Rxg2 Qxg2+ 32. Qxg2 Rxg2 33. Kxg2 bxc3 34. bxc3 Ba3 35. Ne3 Bc1 36. Kf2 h6 37. Ne1 Bd2 38. Nd1 Bxf4 39. h3 Kg7 40. Nc2 h5 41.
Na3 a6 42. Kf3 Bc1 43. Nc2 Kg6 44. Ne1 Kg5 45. Ng2 Na7 46. h4+ Kg6 47. a4 Nc8 48. Nf4+ Bxf4 49. Kxf4 Na7 50. Ne3 Nc8 51.
Nc2 a5 52. Na3 Nb6 53. Nb5 Nxa4 54. Nc7 Kf7 55. Kg5 Nxc3 56. Kxh5 a4 57. Na6 a3 58. Nb4 a2 59. Nc2 Ne2 60. Kg5 Nxd4 61. Na1 Nf3+ 62.
Kf4 Nxh4 0-1

[Event "Early-Titled-Tuesday-Blitz-March-05-2024"]
[Site "Chess.com"]
[Date "2024.03.05"]
[Round "1"]
[White "Veganator13"]
[Black "Juwen"]
[Result "0-1"]
[WhiteElo "2284"]
[BlackElo "2606"]
[TimeControl "180+1"]
[EndTime "8:08:22 PST"]
[Termination "Juwen won by checkmate"]

1. c4 e5 2. g3 c6 3. d4 e4 4. Nc3 d5 5. Bg2 Nf6 6. Bg5 Be6 7. e3 Nbd7 8. Nge2 h6 9. cxd5 cxd5 10. Bf4 g5 11.
Be5 Nxe5 12. dxe5 Ng4 13. Qa4+ Qd7 14. Qxd7+ Kxd7 15. Rd1 Kc6 16. Nd4+ Kb6 17. Nb3 Bb4 18. O-O Bxc3 19. bxc3 Nxe5 20. a4 a6 21. a5+ Ka7 22.
Rd4 Rac8 23. Rb1 Rxc3 24. Rb4 Rb8 25. Nd4 Bd7 26. Bf1 Ra3 27. Rb6 Rxa5 28. Rd6 Bc6 29.
h3 h5 30. Rf6 Rc5 31. Rf5 Re8 32. Rxg5 h4 33. g4 a5 34. Rf5 a4 35. Nb5+ Kb8 36. Nd6 Re7 37. Ba6 a3 38. Rxe5 Rxe5 39. Nxf7 Re7 40.
Nd6 a2 41. Ra1 bxa6 42. Rxa2 a5 43. Nf5 Rb7 44. Nd4 Be8 45. Kh2 a4 46. Ne2 Ra5 47. Ra3 Rb3 48. Ra2 a3 49. Nc1 Rb2 50. Ra1 Rc2 51. Kg1 Bb5 52. Na2 Bc4 53. Rb1+ Kc8 54. Nb4 Rb2 55. Rc1 Rxb4 56. f4 a2 57. f5 a1=Q 58. Rxa1 Rxa1+ 59. Kf2 Rb2# 0-1

[Event "Early-Titled-Tuesday-Blitz-March-05-2024"]
[Site "Chess.com"]
[Date "2024.03.05"]
[Round "1"]
[White "InitiatingASC"]
[Black "DrDreBeats"]
[Result "1-0"]
[WhiteElo "2372"]
[BlackElo "2641"]
[TimeControl "180+1"]
[EndTime "8:08:24 PST"]
[Termination "InitiatingASC won by checkmate"]

1. d4 Nf6 2. c4 g6 3. Nc3 Bg7 4. e4 O-O 5. Nf3 d6 6. Be2 e5 7.
d5 a5 8. h3 Na6 9. Be3 Nc5 10. Qc2 Bd7 11. Nxe5 Nfxe4 12. Nxd7 Bxc3+ 13. bxc3 Qxd7 14. O-O b6 15. Bd4 Rae8 16. Rfe1 f5 17. Bf1 Rf7 18. f3 Ng3 19. Qf2 Nxf1 20. Kxf1 Nd3 21.
Rxe8+ Qxe8 22. Qh4 Re7 23. Rd1 Ne5 24. Re1 Kf8 25.
Qh6+ Kg8 26. Qg5 Kf8 27. Qh6+ Kg8 28. Qg5 c5 29. dxc6 Nxc6 30. Rxe7 Qxe7 31. Qxe7 Nxe7 32. Bxb6 a4 33. c5 d5 34. Bc7 Kf7 35. Bd6 Nc6 36. Ke2 Ke6 37. Kd3 Kd7 38. Bg3 Ne7 39. Kd4 Kc6 40. Bd6 Nc8 41. Ke5 Na7 42. Kf6 Nb5 43. Kg7 Nxc3 44. Kxh7 Nxa2 45. Kxg6 Nc3 46. Be5 Ne2 47.
h4 d4 48. h5 d3 49. h6 d2 50. h7 d1=Q 51. h8=Q Qd7 52. Qa8+ Kxc5 53. f4 Ng3 54. Qa5+ Kc4 55. Qa6+ Kb3 56. Qb6+ Kc4 57.
Qa6+ Kb3 58. Qb6+ Kc2 59. Qf2+ Kb1 60. Qb2# 1-0

[Event "Early-Titled-Tuesday-Blitz-March-05-2024"]
[Site "Chess.com"]
[Date "2024.03.05"]
[Round "1"]
[White "KononenkoD"]
[Black "Akylbek2021"]
[Result "1-0"]
[WhiteElo "2606"]
[BlackElo "2282"]
[TimeControl "180+1"]
[EndTime "8:08:25 PST"]
[Termination "KononenkoD won by resignation"]

1. e4 e5 2. Nf3 Nc6 3. d4 exd4 4. Nxd4 Nf6 5. Nc3 Bb4 6. Nxc6 bxc6 7. Bd3 d5 8. O-O O-O 9. Bd2 Bxc3 10. Bxc3 dxe4 11.
Bxf6 Qxf6 12. Bxe4 Ba6 13. Re1 Rad8 14. Qc1 c5 15. c3 Rfe8 16. Qe3 Bd3 17. f3 Bxe4 18. fxe4 Qe5 19. Rad1 Rd6 20. Qf3 h6 21. Rf1 Rf6 22.
Qe3 Rb6 23. Rf2 Qxe4 24. Qxc5 Qe3 25. Qxe3 Rxe3 26. h3 Re7 27. b3 g5 28. Rd5 Kg7 29. c4 Rbe6 30. Ra5 c6 31. Kh2 Re5 32. Rxe5 Rxe5 33.
Rd2 Ra5 34. Kg3 f5 35. a4 Ra6 36.
Rd7+ Kg6 37. Kf3 Rb6 38. Rd3 c5 39. Ke2 h5 40. Kd2 f4 41. Kc3 Rc6 42. Rd7 a6 43. b4 cxb4+ 44. Kxb4 Kf5 45. c5 Ke4 46. Kc4 Ke3 47.
Rd5 g4 48. Rxh5 f3 49. gxf3 gxf3 50. Rf5 f2 51. Kd5 Rc8 52. c6 Ke2 53. Kd6 f1=Q 54. Rxf1 Kxf1 55. c7 Kg2 56. Kd7 Rh8 57. c8=Q Rxc8 58.
Kxc8 Kxh3 59. a5 Kg4 60. Kb7 Kf5 61. Kxa6 Ke6 62. Kb7 Kd7 63. a6 Kd6 64. a7 1-0